 Dungeon Crawl Stone Soup version 0.18-a0-596-g6468885 (webtiles) character file.

53 Duffy the Chopper (level 3, -4/33 HPs)
             Began as a Deep Dwarf Berserker on Dec 3, 2015.
             Was a Believer of Trog.
             Slain by Natasha (6 damage)
             ... on level 3 of the Dungeon.
             The game lasted 00:00:54 (587 turns).

Duffy the Chopper (Deep Dwarf Berserker)             Turns: 587, Time: 00:00:54

Health: -4/33      AC:  2    Str: 20    XL:     3   Next: 64%
Magic:  3/3        EV: 12    Int:  7    God:    Trog [**....]
Gold:   53         SH:  0    Dex: 13    Spells: 0 memorised, 2 levels left

rFire  . . .     SeeInvis .     a - +0 hand axe
rCold  . . .     Clarity  .     b - +0 animal skin
rNeg   . . .     SustAt   .     (no shield)
rPois  .         Gourm    .     (no helmet)
rElec  .         Spirit   .     (no cloak)
rCorr  .         Dismiss  .     (no gloves)
rMut   .         Stasis   .     (no boots)
MR     .....                    (no amulet)
Stlth  +.........               (no ring)
                                (no ring)

@: non-regenerating, not resistant to hostile enchantments, very unstealthy
A: damage resistance, recharge devices, sense surroundings 1, slow regeneration
3
a: Device Recharging, Berserk, Trog's Hand, Burn Spellbooks, Renounce Religion


You were on level 3 of the Dungeon.
You worshipped Trog.
Trog was pleased with you.
You were not hungry.

You visited 1 branch of the dungeon, and saw 3 of its levels.

You collected 53 gold pieces.


Innate Abilities, Weirdness & Mutations

You are resistant to damage.
You can recharge devices by infusing magical energy.
You passively map a small area around you.
You do not regenerate naturally.


   Skills:
 - Level 2.6 Fighting
 + Level 5.1 Axes
 - Level 2.1 Armour
 - Level 2.1 Dodging


You had 2 spell levels left.
You didn't know any spells.

Inventory:

Hand Weapons
 a - a +0 hand axe (weapon)
Armour
 b - a +0 animal skin (worn)
Wands
 c - a wand of heal wounds (4)
Scrolls
 f - a scroll of fog {unknown}
 g - a scroll of enchant weapon {unknown}
Potions
 e - 2 potions of agility {unknown}
 i - a potion of degeneration {unknown}
 j - a potion of invisibility {unknown}
Comestibles
 d - 2 bread rations
 h - a meat ration

Dungeon Overview and Level Annotations

Branches:
Dungeon (3/15)

Altars:
Makhleb

Annotations:
D:3 Natasha


Message History

The shadow imp gestures at you. Pain shoots through your body!
The iron imp shouts, "Away with thee, thou artless gravel-groveling barnacle!"
You slash the shadow imp!
The shadow imp is severely wounded.
You are no longer poisoned.
The iron imp disappears in a puff of smoke!
The shadow imp misses you.
You barely miss the shadow imp.
The shadow imp is severely wounded.
Natasha mumbles some strange words.
The shadow imp lashes its tail.
The shadow imp hits you.
You barely miss the shadow imp.
The shadow imp is severely wounded.
The shadow imp hits you but does no damage.
Natasha mumbles some strange words.
You barely miss the shadow imp.
The shadow imp is severely wounded.
The shadow imp gestures at you. Pain shoots through your body!
You hit the shadow imp.
You kill the shadow imp!
You barely miss Natasha.
Natasha stares at you and mumbles some strange words.
You resist with some effort.
The crimson imp blinks!
You hit Natasha but do no damage.
Natasha casts a spell.
You hit Natasha.
Natasha is moderately wounded.
Natasha claws you!
You closely miss Natasha.
Natasha is moderately wounded.
Natasha claws you!
You die...

, , , , * *
, , ,* * * ,
* * , ,, , ,
, ,* * * **
* * * ,, *
#########5##
#<...@h55..#
,
#.#######..#
,#.# * , * *
#.# #[# ***
#.# , ...
#.#* * , , ,


You could see Natasha, 2 crimson imps and a shadow imp.

Action                   || total
-------------------------++-------
Melee: Hand axe          ||    91
Evoke: Wand              ||     1
 Stab: Sleeping          ||     3

Notes
Turn   | Place    | Note
--------------------------------------------------------------
     0 | D:1      | Duffy the Deep Dwarf Berserker began the quest for the Orb.
     0 | D:1      | Reached XP level 1. HP: 20/20 MP: 1/1
   142 | D:1      | Reached XP level 2. HP: 12/27 MP: 2/2
   202 | D:1      | Reached skill level 4 in Axes
   428 | D:2      | Reached XP level 3. HP: 24/33 MP: 3/3
   450 | D:2      | Found a burning altar of Makhleb.
   553 | D:2      | Reached ** piety under Trog
   556 | D:2      | Reached skill level 5 in Axes
   566 | D:3      | Noticed Natasha
   587 | D:3      | Slain by Natasha

Vault maps used:
D:1:      scummos_arrival_simple_crosswalls, kennysheep_another_room
D:2:      marbit_many_paths, st_stairs_9, serial_bayou_pond_e
D:3:      minmay_misc_feat_five, uniq_natasha, uniq_iyjb,
          uniq_crazy_yiuf_cottage, uniq_robin, uniq_sigmund

Vanquished Creatures
  3 adders
  A bat
  A giant cockroach
  4 goblins
  5 hobgoblins
  3 jackals
  3 kobolds
  A giant newt
  4 rats
25 creatures vanquished.
